 Dungeon Crawl Stone Soup version 0.18-a0-1570-gf60b0ab (webtiles) character file.

148 Ijustatesigmund the Insei (level 5, -1/36 HPs)
             Began as an Octopode Transmuter on Mar 14, 2016.
             Slain by a gnoll
             ... wielding a +0 spear
              (8 damage)
             ... on level 2 of the Dungeon.
             The game lasted 00:06:26 (2882 turns).

Ijustatesigmund the Insei (Octopode Transmuter)     Turns: 2882, Time: 00:06:26

Health: -1/36      AC:  1    Str:  9    XL:     5   Next: 30%
Magic:  5/8        EV: 12    Int: 17    God:
Gold:   117        SH:  0    Dex: 12    Spells: 3 memorised, 2 levels left

rFire  . . .     SeeInvis .       - Unarmed
rCold  . . .     Gourm    .     (no shield)
rNeg   . . .     Faith    .     (helmet restricted)
rPois  .         Spirit   .     (no amulet)
rElec  .         Dismiss  .     (no ring)
rCorr  .         Reflect  .     (no ring)
SustAt .         Harm     .     (no ring)
MR     .....                    (no ring)
Stlth  ++........               (no ring)
                                (no ring)
                                (no ring)
                                (no ring)

@: appendage (expiring), drained, not resistant to hostile enchantments,
unstealthy
A: almost no armour, amphibious, 8 rings, constrict 8, tentacle spike 3,
camouflage 1, gelatinous body 1
a: End Transformation


You were on level 2 of the Dungeon.
You were not hungry.
One of your tentacles had a temporary spike.
You visited 1 branch of the dungeon, and saw 3 of its levels.

You collected 117 gold pieces.

Inventory:

Missiles
 a - 48 arrows
Potions
 e - 2 potions of cancellation
 g - a potion of agility {unknown}
 h - a potion of heal wounds {unknown}
Books
 b - a book of Changes

   Spells                             Type                      Level
   a - Beastly Appendage              Transmutation                1
   b - Sticks to Snakes               Transmutation                2
   c - Spider Form                    Transmutation/Poison         3
   d - Ice Form                       Ice/Transmutation            4
   e - Blade Hands                    Transmutation                5
Comestibles
 c - 3 bread rations
 f - 2 meat rations


   Skills:
 + Level 3.2(3.0) Fighting
 - Level 2.0(1.8) Dodging
 + Level 4.3(4.1) Unarmed Combat
 - Level 2.0(1.8) Spellcasting
 - Level 2.0(1.8) Transmutations
 - Level 2.1(1.9) Poison Magic


You had 2 spell levels left.
You knew the following spells:

 Your Spells              Type           Power        Failure   Level  Hunger
a - Beastly Appendage     Trmt           #.....       12%         1    #......
b - Sticks to Snakes      Trmt           #.......     17%         2    ###....
c - Spider Form           Trmt/Pois      #.........   30%         3    ###....


Dungeon Overview and Level Annotations

Branches:
Dungeon (3/15)

Altars:


Innate Abilities, Weirdness & Mutations

You cannot wear most types of armour.
You are amphibious.
You can wear up to eight rings at the same time.
You can use your tentacles to constrict eight enemies at once.
Your skin changes colour to match your surroundings (Stealth).
Your rubbery body absorbs attacks (AC +1).
One of your tentacles bears a large vicious spike.


Message History

Your ball python bites the gnoll but does no damage.
Your ball python grabs the gnoll.
Your ball python constricts the gnoll.
You tentacle-slap the gnoll.
You pierce the gnoll, but do no damage.
The gnoll is moderately wounded.
The hobgoblin barely misses you. The gnoll hits you with a spear!
* * * LOW HITPOINT WARNING * * *
Your ball python bites the gnoll but does no damage.
Your ball python constricts the gnoll.
You tentacle-slap the gnoll.
The gnoll is heavily wounded.
Your ball python bites the gnoll.
Your ball python constricts the gnoll.
The gnoll barely misses you. The hobgoblin hits you with a club.
* * * LOW HITPOINT WARNING * * *
Drink which item? (? for menu, Esc to quit)
It was a potion of cancellation.
Your magical effects are unravelling.
You feel magically purged.
Your ball python bites the gnoll but does no damage.
Your ball python constricts the gnoll.
The gnoll hits you with a spear!
You die...

##### #########...#
#...........#######
#.#######.........# #.#
#########.# #.# #.#
#.###############.#
#....Sgg..........# #
######@##########.#####
#.# #....... ##### #.#
#....... ##...## #.#
#....... ##.....###.#
#....... #.......##.#
#....... #..........#
#....... #.......####
#....... ##.....##
##########.#.###


You could see a gnoll, a hobgoblin and a friendly ball python.

Vanquished Creatures
  A gnoll (D:2)
  5 adders
  An ooze (D:1)
  3 worms (D:2)
  A dart slug (D:2)
  2 giant geckos
  6 bats
  4 giant cockroaches
  8 goblins
  5 hobgoblins
  5 jackals
  3 kobolds
  A ball python (D:1)
  2 giant newts
  9 rats
56 creatures vanquished.

Vanquished Creatures (collateral kills)
  Ijyb (D:2)
1 creature vanquished.

Grand Total: 57 creatures vanquished

Notes
Turn   | Place    | Note
--------------------------------------------------------------
     0 | D:1      | Ijustatesigmund the Octopode Transmuter began the quest for the Orb.
     0 | D:1      | Reached XP level 1. HP: 13/13 MP: 3/3
   115 | D:1      | Reached XP level 2. HP: 18/18 MP: 5/5
   119 | D:1      | Learned a level 2 spell: Sticks to Snakes
   792 | D:1      | Reached XP level 3. HP: 15/24 MP: 6/6
   812 | D:1      | Learned a level 3 spell: Spider Form
  1356 | D:2      | Noticed Ijyb
  1363 | D:2      | Reached skill level 1 in Poison Magic
  1651 | D:2      | Reached XP level 4. HP: 19/30 MP: 7/7
  1863 | D:2      | Killed Ijyb
  1863 | D:2      | Reached skill level 4 in Unarmed Combat
  2046 | D:2      | Reached XP level 5. HP: 26/36 MP: 6/8
  2882 | D:2      | Slain by a gnoll

Vault maps used:
D:1:      lightli_molten_gateway, hangedman_decor_slide_cut, kennysheep_doodads
D:2:      uniq_iyjb
D:3:      first_bread, kennysheep_jessica_study

Skill      XL: |  1  2  3  4 |
---------------+-------------+-----
Fighting       | 2 3 |  3.2
Poison Magic   | 1 2 |  2.1
Unarmed Combat | 4 |  4.3
Dodging        | |  2.0
Spellcasting   | |  2.0
Transmutations | |  2.0

Action                   |  1- 3 |  4- 6 || total
-------------------------+-------+-------++-------
Melee: Unarmed           |    93 |    52 ||   145
 Cast: Beastly Appendage |     3 |     8 ||    11
       Sticks to Snakes  |     2 |     4 ||     6
  Use: Scroll            |     5 |     3 ||     8
       Potion            |     1 |     1 ||     2
 Stab: Sleeping          |     5 |     3 ||     8
  Eat: Chunk             |     3 |     2 ||     5
       Bread ration      |       |     1 ||     1
